Map: King's Cove LE

Players

TheBose - Winner!

  • Race: Zerg Zerg
  • League: Platinum
  • Spawn Location: 11:00

A.I. 1 (Very Easy)

  • Race: Terran Terran
  • Spawn Location: 5:00

VOD

Have the link to the VOD?

Description

Execution of the vibe build, slight tweaks.

Time

  • Played on: May 6, 2019, 8:18 p.m.
  • Length: 6:36
Show
View Real Time Build Order
Export as new Build Order

TheBose Zerg - Winner!

Build Orders: Hatch First 

Get SALT Encoding   

  12  0:00  Drone  
  13  0:12  Overlord  
  13  0:19  Drone  
  14  0:31  Drone x2  
  14  0:34  Drone  
  17  0:55  Hatchery  
  16  0:57  Drone  
  16  1:00  Drone  
  18  1:14  Spawning Pool  
  18  1:17  Drone  
  18  1:21  Drone  
  19  1:30  Drone  
  20  1:38  Extractor  
  20  1:39  Overlord  
  19  1:50  Drone  
  20  2:02  Queen  
  20  2:06  Queen  
  24  2:10  Drone x2  
  24  2:11  Drone  
  27  2:20  Drone  
  27  2:21  Drone  
  29  2:28  Drone  
  30  2:34  Overlord  
  30  2:41  Lair  
  30  2:47  Queen  
  30  2:51  Drone x3  
  34  2:56  Drone  
  36  3:02  Roach Warren  
  36  3:04  Evolution Chamber  
  34  3:07  Drone x2  
  36  3:13  Drone x2  
  36  3:14  Drone  
  36  3:15  Overlord  
  39  3:21  Overlord  
  39  3:32  Zerg Missile Weapons Level 1  
  39  3:33  Drone x2  
  39  3:34  Drone x3  
  44  3:49  Extractor  
  44  3:50  Extractor  
  44  3:53  Glial Reconstitution  
  42  3:58  Drone x5  
  42  3:59  Drone  
  48  4:12  Hatchery  
  48  4:16  Evolution Chamber  
  46  4:20  Drone  
  46  4:23  Roach x2  
  46  4:24  Roach x3  
  55  4:27  Drone  
  55  4:28  Overlord  
  55  4:29  Overlord  
  58  4:45  Roach  
  60  4:48  Roach x3  
  66  4:53  Queen  
  68  5:08  Roach x4  
  68  5:10  Overlord x3  
  76  5:29  Roach  
  76  5:32  Drone x7  
  85  5:47  Drone x5  
  90  5:56  Drone  
  89  5:57  Drone x6  
  89  6:02  Extractor  
  89  6:03  Hydralisk Den  
  93  6:08  Drone  
  94  6:13  Extractor  
  94  6:14  Extractor  
  94  6:15  Drone x6  
  98  6:27  Hatchery  
Show
View Real Time Build Order
Export as new Build Order

A.I. 1 (Very Easy) Terran 

Build Orders:  

Get SALT Encoding   

  12  0:00  SCV  
  13  0:13  SCV  
  14  0:19  Supply Depot  
  14  0:38  Refinery  
  14  0:43  Barracks  
  14  1:07  Supply Depot  
  14  1:14  Refinery  
  14  1:30  Marine  
  14  1:32  Orbital Command  
  15  1:57  SCV  
  16  2:10  SCV  
  17  2:15  Barracks Tech Lab  
  17  2:22  SCV  
  18  2:34  Marauder, SCV  
  21  2:46  SCV  
  22  2:58  SCV  
  23  3:19  Marine  
  24  5:51  Marine  
  24  5:54  Supply Depot  
  21  6:03  SCV  
  14  6:15  SCV  
Tags
 
League
Platinum
Matchup
TvZ
Player
ViBE
Spawn Locations
Cross Positions
Add a new tag
Caveats
  • Supply blocks, unpowered buildings, or Contaminate may cause inaccurate times.
  • Supply counts are checked every 10 seconds.